 Dungeon Crawl Stone Soup version 0.27-a0-1147-gb3d8e82157 (webtiles) character file.

Game seed: 6253903452162194515

199 siradein the Skirmisher (level 5, -1/39 (47) HPs)
             Began as a Hill Orc Fighter on May 11, 2021.
             Frozen to death by an endoplasm (2 damage)
             ... on level 2 of the Dungeon.
             The game lasted 00:06:05 (2634 turns).

siradein the Skirmisher (Hill Orc Fighter)          Turns: 2634, Time: 00:06:06

HP:   -1/39 (47)    AC:  9    Str: 20    XL:     5   Next: 77%
MP:   5/5           EV:  7    Int:  8    God:
Gold: 66            SH:  9    Dex: 10    Spells: 4/4 levels left

rFire    . . .     SeeInvis .   a - +0 war axe
rCold    . . .     Faith    .   c - +0 kite shield
rNeg     . . .     Spirit   .   b - +0 scale mail
rPois    .         Reflect  .   k - +0 helmet
rElec    .         Harm     .   g - +0 cloak
rCorr    .         Rampage  .   (no gloves)
Will     .....                  (no boots)
Stlth    ..........             (no amulet)
HPRegen  0.13/turn              (no ring)
MPRegen  0.09/turn              (no ring)

@: heavily drained
A: no striking features
a: no special abilities


You were on level 2 of the Dungeon.
You visited 1 branch of the dungeon, and saw 2 of its levels.

You collected 66 gold pieces.

Inventory:

Hand Weapons
 a - a +0 war axe (weapon)
Armour
 b - a +0 scale mail (worn)
 c - a +0 kite shield (worn)
 g - a +0 cloak (worn)
 k - a +0 helmet (worn)
Wands
 i - a wand of polymorph (3)
Scrolls
 j - a scroll of identify {unknown}
 l - a scroll of blinking {unknown}
Potions
 d - a potion of might
 e - a potion of degeneration {unknown}
 f - a potion of invisibility {unknown}
 h - 2 potions of brilliance {unknown}
 m - a potion of heal wounds {unknown}


   Skills:
 + Level 4.8 Fighting
 + Level 4.4 Axes
 + Level 4.4 Armour
 + Level 4.4 Shields


You had 4 spell levels left.
You didn't know any spells.
Your spell library contained the following spells:

 Spells                   Type           Power      Damage    Failure   Level
 Magic Dart               Conj           0%         1d3       99%         1
 Blink                    Tloc           N/A        N/A       100%        2
 Call Imp                 Summ           0%         N/A       100%        2
 Slow                     Hex            0%         N/A       100%        2
 Conjure Flame            Conj/Fire      0%         6-21      100%        3
 Mephitic Cloud           Conj/Pois/Air  0%         N/A       100%        3


Dungeon Overview and Level Annotations

Branches:
Dungeon (2/15)

Altars:
The Shining One


Message History

The endoplasm freezes you.
You are frozen.
The endoplasm freezes you.
You are frozen.
You slash the endoplasm!
You kill the endoplasm!
No target in view!
No target in view!
There is an open door here.
Things that are here:
4 stones; a +0 whip The jelly quivers.
There is an open door here.
There are monsters nearby!
The jelly hits you.
You are splashed with acid!
Things that are here:
4 stones; a +0 whip You block the jelly's attack.
You slash the jelly!
Your hands burn!
The jelly is heavily wounded.
You block the jelly's attack.
The endoplasm jiggles.
The jelly hits you.
You are splashed with acid!
* * * LOW HITPOINT WARNING * * *
You hit the jelly.
Your hands burn!
* * * LOW HITPOINT WARNING * * *
The jelly is almost dead.
The jelly hits you but does no damage. The jelly barely misses you.
You hit the jelly.
You kill the jelly!
You block the endoplasm's attack.
You hit the endoplasm but do no damage. The endoplasm freezes you.
You are frozen.
* * * LOW HITPOINT WARNING * * *
You hit the endoplasm.
The endoplasm is severely wounded.
The endoplasm freezes you.
You are frozen.
You die...

....#...# ##.....##
#.#.###.# #.......#
# #.### #.#
#.......# # #...#
#.# #.......# ####
###>###.## #.....(.#
#... # #......#
#....#### #...
##########
#....'..## #...
.........#
########.# #...
######.###
##..J@..## #...
.........# #'#######
##'#
######..###...÷..÷..
######.#
.........##.........
###......#
######...##.....÷...
#.)......#
.........##.......P÷
#<#......#
.........##....÷....
#.#......#
.####..#.##.....÷..(
#.#......# .#
#..#.###########
#.#......#


You could see an endoplasm.

Vanquished Creatures
  3 jellies (D:2)
  Terence (D:2)
  Robin (D:2)
  An adder (D:2)
  2 worms (D:2)
  8 endoplasms
  6 giant cockroaches
  10 goblins
  5 hobgoblins
  11 kobolds
  A quokka (D:2)
  3 ball pythons
  3 bats
  2 frilled lizards (D:1)
  4 rats
61 creatures vanquished.

Vanquished Creatures (others)
  7 fungi (D:2)
  7 toadstools (D:2)
14 creatures vanquished.

Grand Total: 75 creatures vanquished

Notes
Turn   | Place    | Note
-------+----------+-------------------------------------------
     0 | D:1      | siradein the Hill Orc Fighter began the quest for the Orb.
     0 | D:1      | Reached XP level 1. HP: 19/19 MP: 1/1
   366 | D:1      | Reached XP level 2. HP: 26/27 MP: 2/2
  1112 | D:2      | Noticed Terence
  1184 | D:2      | Killed Terence
  1185 | D:2      | Reached XP level 3. HP: 33/33 MP: 3/3
  1395 | D:2      | Reached XP level 4. HP: 40/41 MP: 4/4
  1407 | D:2      | Reached XP level 5. HP: 4/47 MP: 5/5
  1777 | D:2      | Noticed Robin
  1786 | D:2      | Killed Robin
  1889 | D:2      | Found a glowing golden altar of the Shining One.
  2633 | D:2      | HP: 1/39 [frozen (4)]
  2634 | D:2      | Frozen to death by an endoplasm

Illustrated notes

Levels and vault maps discovered:
D:1:      dpeg_arrival_tiny_g, layout_loops_corners, minivault_24
D:2:      cheibrodos_fertilizer, layout_basic, basic_altar, uniq_robin,
          uniq_terence

Skill      XL: |  1  2  3  4 |
---------------+-------------+-----
Axes           | 3 4 |  4.4
Fighting       | 4 |  4.8
Armour         | 4 |  4.4
Shields        | 4 |  4.4

Action                   |  1- 3 |  4- 6 || total
-------------------------+-------+-------++-------
Melee: War axe           |    94 |   101 ||   195
Armor: Scale mail        |    41 |    49 ||    90
       Skin              |     3 |       ||     3
Dodge: Dodged            |    22 |    31 ||    53
Block: Kite shield       |    52 |    53 ||   105

Table legend: (Time is in decaauts)
 A = Elapsed time spent in this place.
 B = Non-inter-level travel time spent in this place.
 C = Inter-level travel time spent in this place.
 D = Time resting spent in this place.
 E = Time spent auto-exploring this place.
 F = Levels seen in this place.
 G = Mean time per level.
                   A        B        C        D        E       F      G
               +--------+--------+--------+--------+--------+-----+--------+
         Total |   2725 |   2700 |     25 |    285 |   1891 |   2 | 1362.5 |
       Dungeon |   2725 |   2700 |     25 |    285 |   1891 |   2 | 1362.5 |
               +--------+--------+--------+--------+--------+-----+--------+

Top non-repeatable levels by time:
     D:2: 1385 daAuts
     D:1: 1340 daAuts
